 Dungeon Crawl Stone Soup version 0.31-a0-4-gefa6de2278 (webtiles) character file.

Game seed: 1926467718993653913

11064 Orangeyouglad the Fighter (level 12, -4/95 HPs)
             Began as a Human Monk on May 4, 2023.
             Was a Priest of the Shining One.
             Slain by a komodo dragon (22 damage)
             ... on level 9 of the Dungeon on May 5, 2023.
             The game lasted 00:54:04 (18139 turns).

Orangeyouglad the Fighter (Human Monk)             Turns: 18139, Time: 00:54:05

Health: -4/95      AC:  6    Str: 13    XL:     12   Next: 3%
Magic:  14/15      EV: 15    Int: 13    God:    the Shining One [***...]
Gold:   458        SH: 19    Dex: 23    Spells: 8/11 levels left

rFire   . . .        a - +0 long sword
rCold   . . .        r - +0 kite shield
rNeg    + . .        R - +3 leather armour {rPois}
rPois   +            (no helmet)
rElec   .            (no cloak)
rCorr   .            (no gloves)
SInv    .            (no boots)
Will    +....        (no amulet)
Stlth   +            v - ring of willpower
HPRegen 0.35/turn    I - +6 ring of dexterity
MPRegen 0.14/turn

%: no passive effects
@: divinely shielded, glowing
A: no striking features
a: Renounce Religion, Divine Shield, Cleansing Flame


You were on level 9 of the Dungeon.
You worshipped the Shining One.
The Shining One was most pleased with you.
You visited 3 branches of the dungeon, and saw 12 of its levels.

You collected 510 gold pieces.
You spent 52 gold pieces at shops.

Inventory:

Hand Weapons
 a - a +0 long sword (weapon)
 b - a +0 hand crossbow
 f - a +0 falchion
 x - a +0 shortbow
 Q - a +0 sling
Missiles
 s - 2 throwing nets
 y - 6 atropa-tipped darts
 B - 38 poisoned darts
 F - a boomerang
Armour
 d - an orb of light
 p - a +0 robe
 r - a +0 kite shield (worn)
 w - the +7 scale mail of the Bedazzling Gods {Str+8 Dex-4 SInv}
   (You found it on level 3 of the Dungeon)

   Str:       It affects your strength (+8).
   Dex:       It affects your dexterity (-4).
   SInv:      It lets you see invisible.
 H - an orb of guile
 R - a +3 leather armour of poison resistance (worn)
Magical Staves
 h - a staff of poison
 k - a staff of conjuration
Jewellery
 q - an amulet of faith
 u - a ring of protection from cold
 v - a ring of willpower (left hand)
 C - a ring of fire
 I - a +6 ring of dexterity (right hand)
 J - a +6 ring of intelligence
Wands
 D - a wand of roots (3) (quivered)
 L - a wand of paralysis (3)
 O - a wand of flame (11)
Scrolls
 i - 3 scrolls of amnesia {unknown}
 j - 6 scrolls of enchant armour
 l - 3 scrolls of magic mapping
 o - 2 scrolls of silence {unknown}
 z - a scroll of blinking
 E - a scroll of immolation {unknown}
 G - a scroll of fear {unknown}
 N - a scroll of enchant weapon {unknown}
Potions
 e - 3 potions of flight
 g - 2 potions of lignification
 m - a potion of degeneration {unknown}
 n - 3 potions of invisibility
 t - 2 potions of attraction
 A - 2 potions of curing {unknown}
 K - a potion of brilliance {unknown}
 P - a potion of mutation {unknown}


   Skills:
 + Level 9.0 Fighting
 + Level 9.0 Long Blades
 - Level 8.0 Ranged Weapons
 - Level 4.0 Armour
 + Level 7.2 Dodging
 + Level 7.1 Shields
 + Level 4.2 Invocations


You had 8 spell levels left.
You knew the following spells:

 Your Spells              Type           Power      Damage    Failure   Level
a - Mephitic Cloud        Conj/Pois/Air  0%         N/A       97%         3

Your spell library contained the following spells:

 Spells                   Type           Power      Damage    Failure   Level
 Apportation              Tloc           0%         N/A       73%         1
 Beastly Appendage        Tmut           0%         N/A       73%         1
 Magic Dart               Conj           0%         1d3       73%         1
 Necrotise                Necr           0%         1d4       73%         1
 Summon Small Mammal      Summ           0%         N/A       73%         1
 Cigotuvi's Dreadful Rot  Necr/Pois/Air  0%         N/A       86%         2
 Lesser Beckoning         Tloc           0%         N/A       86%         2
 Poisonous Vapours        Pois/Air       0%         N/A       86%         2
 Searing Ray              Conj           0%         2d4       86%         2
 Static Discharge         Conj/Air       0%         2-2/arc   86%         2
 Wereblood                Tmut           0%         N/A       86%         2
 Dazzling Flash           Conj/Hex       0%         N/A       97%         3
 Gell's Gravitas          Tloc           0%         N/A       97%         3
 Spider Form              Tmut/Pois      0%         N/A       97%         3
 Teleport Other           Tloc           0%         N/A       97%         3
 Vhi's Electric Charge    Tloc/Air       0%         N/A       97%         3
 Airstrike                Air            0%         2d(0-16)  100%        4
 Dispel Undead            Necr           0%         3d6       100%        4
 Fulminant Prism          Conj/Hex       0%         3d5       100%        4
 Summon Lightning Spire   Summ/Air       0%         N/A       100%        4
 Agony                    Necr           0%         N/A       100%        5
 Arcjolt                  Conj/Air       0%         1d10      100%        5
 Freezing Cloud           Conj/Ice/Air   0%         6-21      100%        5
 Silence                  Hex/Air        0%         N/A       100%        5
 Death Channel            Necr           0%         N/A       100%        6
 Maxwell's Capacitive Co  Air            0%         ∞         100%        8


Dungeon Overview and Level Annotations

Branches:
Dungeon (10/15)            Temple (1/1) D:4            Lair (1/5) D:9
    Orc: D:9-12

Altars:
Ashenzari
Cheibriados
Dithmenos
Elyvilon
Fedhas
Gozag
Hepliaklqana
Kikubaaqudgha
Makhleb
Nemelex Xobeh
Okawaru
Qazlal
Ru
Sif Muna
Trog
Uskayaw
Vehumet
Wu Jian
Xom
Yredelemnul
Zin
The Shining One

Shops:
D:5 (

Annotations:
D:5 2 transporters, Dittersdorf's ghost, novice GrFi


Message History

* * * LOW HITPOINT WARNING * * *
Okay, then.
Your shield is strengthened by the Shining One's divine power.
There is a stone staircase leading up here.
Okay, then.
The komodo dragon attacks as you move away!
The komodo dragon closely misses you. You block the basilisk's attack.
The komodo dragon attacks as you move away!
The komodo dragon completely misses you.
You hit the basilisk.
The basilisk is lightly wounded.
You slash the komodo dragon!
The komodo dragon is moderately wounded.
You block the komodo dragon's attack.
Aiming: Paralyse
Press: ? - help, Shift-Dir - straight line, f - komodo dragon
Aim: a komodo dragon (moderately wounded, haloed, chance to affect: 31%)
Okay, then.
You hit the komodo dragon but do no damage.
The komodo dragon is moderately wounded.
You block the komodo dragon's attack.
You hit the komodo dragon but do no damage.
The komodo dragon is moderately wounded.
You block the komodo dragon's attack.
You hit the komodo dragon but do no damage.
The komodo dragon is lightly wounded.
The komodo dragon barely misses you.
You slash the komodo dragon!
The komodo dragon is moderately wounded.
You block the komodo dragon's attack.
You slash the komodo dragon!
The komodo dragon is heavily wounded.
You block the komodo dragon's attack.
You hit the komodo dragon.
The komodo dragon is heavily wounded.
You block the komodo dragon's attack.
You hit the komodo dragon.
The komodo dragon is severely wounded.
The komodo dragon bites you!!
You die...

############ #...........
#.######.### #.# #.#
############.## ##.#
#.....@ll.#...####..###
#.######............... #.#
#........)......
#.######....#..........
#.##..........#........
#########.##.####....##.>.##...
#..........#.####.............#
#.#######..#.#................#
#.# ##..#.#.###............#


You could see a komodo dragon and a basilisk.

Vanquished Creatures
  2 death yaks (D:9)
  Pikel (D:9)
  A cane toad (D:9)
  2 unseen horrors
  A komodo dragon (D:9)
  A troll (D:6)
  A shadow (D:8)
  A wyvern (D:9)
  13 yaks
  A wraith (D:7)
  An acid dragon (D:7)
  8 water moccasins
  3 orc warriors
  Duvessa (D:4)
  A black bear (D:7)
  4 wolves
  3 sky beasts (D:7)
  6 centaurs
  5 ogres
  A phantom (D:4)
  6 kobold brigands
  5 bullfrogs
  A gnoll sergeant (D:9)
  5 scorpions
  12 wights
  Dowan (D:4)
  2 killer bees (D:7)
  3 howler monkeys
  2 jellies
  3 gnoll boudas
  4 orc priests
  4 hounds
  3 iguanas
  Ijyb (D:3)
  7 orc wizards
  10 gnolls
  4 adders
  2 river rats (D:9)
  A shadow imp (D:7)
  A white imp (D:8)
  2 ufetubi (D:7)
  7 worms
  2 dart slugs
  28 orcs
  7 bats
  4 endoplasms
  3 giant cockroaches (D:2)
  4 goblins
  3 hobgoblins
  7 jackals
  27 kobolds
  2 quokkas
  2 ball pythons
  3 frilled lizards
  5 rats
240 creatures vanquished.

Vanquished Creatures (others)
  56 plants (D:7)
56 creatures vanquished.

Grand Total: 296 creatures vanquished

Notes
Turn   | Place    | Note
-------+----------+-------------------------------------------
     0 | D:1      | Orangeyouglad the Human Monk began the quest for the Orb.
     0 | D:1      | Reached XP level 1. HP: 18/18 MP: 1/1
    50 | D:1      | Reached XP level 2. HP: 16/24 MP: 2/2
   621 | D:2      | Reached XP level 3. HP: 29/29 MP: 3/3
   724 | D:2      | You fall into a shaft and drop 1 floor!
  1189 | D:2      | Reached XP level 4. HP: 33/35 MP: 4/4
  1948 | D:3      | Noticed Ijyb
  1952 | D:3      | Noticed a scorpion
  1977 | D:3      | Killed a scorpion
  1978 | D:3      | Reached skill level 1 in Ranged Weapons
  1978 | D:3      | Reached XP level 5. HP: 9/42 MP: 5/5
  2238 | D:3      | Killed Ijyb
  2657 | D:3      | Identified the +7 scale mail of the Bedazzling Gods {Str+8
                  | Dex-4 SInv}
  3155 | D:4      | Noticed an ogre
  3160 | D:4      | Killed an ogre
  3161 | D:4      | Reached XP level 6. HP: 48/48 MP: 6/6
  3634 | D:4      | Found a staircase to the Ecumenical Temple.
  3654 | Temple   | Entered the Ecumenical Temple
  3697 | Temple   | Became a worshipper of the Shining One
  3697 | Temple   | Reached * piety under the Shining One
  3697 | Temple   | Reached ** piety under the Shining One
  3854 | D:4      | Noticed Duvessa
  3896 | D:4      | Found a burning altar of Makhleb.
  4239 | D:4      | Reached XP level 7. HP: 51/55 MP: 7/7
  4813 | D:5      | Entered Level 5 of the Dungeon
  5257 | D:5      | Reached skill level 5 in Fighting
  5257 | D:5      | Reached skill level 5 in Dodging
  5454 | D:5      | Reached skill level 5 in Long Blades
  5498 | D:5      | Found Syblolis's Firing Range.
  5545 | D:5      | Found a transporter.
  5545 | D:5      | Noticed Dittersdorf's ghost (novice GrFi)
  5703 | D:5      | Found a transporter.
  5854 | D:5      | Reached XP level 8. HP: 19/62 MP: 8/8
  6286 | D:6      | Noticed a kobold demonologist
  6288 | D:6      | Noticed a smoke demon
  6397 | D:6      | Reached skill level 1 in Armour
  6979 | D:6      | Reached skill level 1 in Shields
  7161 | D:6      | Found a shimmering altar of Xom.
  8609 | D:6      | Learned a level 3 spell: Mephitic Cloud
  8925 | D:6      | Reached XP level 9. HP: 53/69 MP: 9/9
  9342 | D:7      | Reached skill level 5 in Ranged Weapons
  9710 | D:7      | HP: 1/71 [acid dragon/splash of acid (26)]
 10218 | D:7      | Noticed a troll
 10313 | D:6      | Noticed an ice devil
 11354 | D:7      | Reached XP level 10. HP: 67/77 MP: 10/10
 12229 | D:7      | Noticed a cyan ugly thing
 12229 | D:7      | Noticed a white ugly thing
 12346 | D:8      | Reached *** piety under the Shining One
 12501 | D:8      | Reached skill level 5 in Shields
 13127 | D:8      | Found a shimmering blue altar of Sif Muna.
 13390 | D:9      | Noticed a death yak
 13390 | D:9      | Noticed a death yak
 13449 | D:9      | Noticed Pikel
 13470 | D:9      | Killed Pikel
 13822 | D:9      | Reached **** piety under the Shining One
 13823 | D:9      | Reached XP level 11. HP: 86/86 MP: 11/11
 14205 | D:9      | Found a staircase to the Lair.
 14257 | D:9      | Noticed a death yak
 14753 | D:5      | Bought a +0 hand crossbow for 52 gold pieces
 15123 | D:4      | Noticed Dowan
 15150 | D:4      | Killed Duvessa
 15151 | D:4      | Reached skill level 1 in Invocations
 15156 | D:4      | Killed Dowan
 15879 | D:9      | Killed a death yak
 15915 | D:9      | Killed a death yak
 16172 | Lair:1   | Entered Level 1 of the Lair of Beasts
 16401 | D:10     | Entered Level 10 of the Dungeon
 16486 | D:10     | Noticed a two-headed ogre
 16975 | D:9      | HP: 2/87 [wolf (6)]
 16976 | D:9      | The Shining One protects you from harm!
 17957 | D:9      | Reached XP level 12. HP: 53/95 MP: 9/15
 18139 | D:9      | Slain by a komodo dragon

Illustrated notes

Levels and vault maps discovered:
D:1:      amcnicky_arrival_underground_garden, layout_basic,
          minmay_misc_feat_more_columns
D:2:      layout_basic, serial_glass, glass_columns_b, glass_columns_a,
          minmay_misc_feat_room
D:3:      layout_basic, wad_floor_pattern_untrapped, nicolae_wormholes,
          uniq_ijyb
D:4:      layout_cave_pods, lemuel_tele_altar, minmay_temple_entry_mist,
          due_unseen_surprise, uniq_duvessa
D:5:      layout_cave_pods, gammafunk_ghost_arena, nicolae_shop_firing_range
D:6:      layout_layer_cave, lemuel_round_altar
D:7:      nzn_winding_woodlands_large [nzn_winding_woodlands_hourglass,
          nzn_winding_woodlands_5x15_lazy_stream,
          nzn_winding_woodlands_5x5_perimeter,
          nzn_winding_woodlands_center_pierced_h,
          nzn_winding_woodlands_15x15_five_gardens,
          nzn_winding_woodlands_center_garden,
          nzn_winding_woodlands_5x5_default, nzn_winding_woodlands_5x15_zeroes,
          nzn_winding_woodlands_5x5_checkerboard], layout_rooms, st_stairs_13
D:8:      layout_basic, marbit_many_paths, chequers_serial_rivers_micro_e
D:9:      layout_loops_ring, dpeg_lair_monsters, uniq_pikel
D:10:     layout_cave_pools, minmay_misc_feat_pillars
Temple:   hellmonk_temple_of_storms
Lair:1:   layout_gridlike, infiniplex_staircase_pool, grunt_megastairs_5

Skill      XL: |  1  2  3  4  5  6  7  8  9 10 11 |
---------------+----------------------------------+-----
Ranged Weapons | 1 2 3 4 5 6 8 |  8.0
Fighting       | 4 5 6 7 9 |  9.0
Long Blades    | 4 5 6 7 9 |  9.0
Dodging        | 4 5 6 7 |  7.2
Armour         | 1 3 4 |  4.0
Shields        | 2 4 5 7 |  7.1
Invocations    | 4 |  4.2

Action                     |  1- 3 |  4- 6 |  7- 9 | 10-12 || total
---------------------------+-------+-------+-------+-------++-------
  Melee: Falchion          |   111 |    66 |   252 |    76 ||   505
         Long sword        |       |       |       |   457 ||   457
   Fire: Sling             |       |    68 |   156 |    46 ||   270
         Hand crossbow     |       |       |       |    30 ||    30
  Throw: Dart              |       |     7 |     2 |       ||     9
 Invoke: Divine Shield     |       |       |     4 |     8 ||    12
         Cleansing Flame   |       |       |       |     2 ||     2
  Evoke: Wand              |       |       |    27 |    21 ||    48
    Use: Scroll            |       |     6 |     7 |     5 ||    18
         Potion            |       |       |     2 |     4 ||     6
 Armour: Robe              |     8 |       |       |       ||     8
         Ring mail         |    18 |    46 |    72 |    48 ||   184
         Leather armour    |       |       |       |    42 ||    42
         Skin              |       |       |       |    19 ||    19
  Dodge: Dodged            |    48 |    70 |   255 |   315 ||   688
  Block: Kite shield       |       |       |    82 |   436 ||   518
         Orb               |       |       |     2 |       ||     2

Table legend: (Time is in decaauts)
 A = Elapsed time spent in this place.
 B = Non-inter-level travel time spent in this place.
 C = Inter-level travel time spent in this place.
 D = Time resting spent in this place.
 E = Time spent auto-exploring this place.
 F = Levels seen in this place.
 G = Mean time per level.
                   A        B        C        D        E       F      G
               +--------+--------+--------+--------+--------+-----+--------+
         Total |  18388 |  16405 |   1983 |   5968 |   4070 |  12 | 1532.3 |
       Dungeon |  18261 |  16278 |   1983 |   5968 |   4070 |  10 | 1826.1 |
        Temple |     62 |     62 |      0 |      0 |      0 |   1 |   62.0 |
          Lair |     63 |     63 |      0 |      0 |      0 |   1 |   63.0 |
               +--------+--------+--------+--------+--------+-----+--------+

Top non-repeatable levels by time:
     D:6: 3792 daAuts
     D:9: 2913 daAuts
     D:5: 2780 daAuts
     D:7: 2035 daAuts
     D:4: 1804 daAuts
     D:3: 1573 daAuts
     D:8: 1490 daAuts
     D:2: 1081 daAuts
     D:1: 614 daAuts
    D:10: 176 daAuts
  Lair:1: 63 daAuts
  Temple: 62 daAuts
